 Dungeon Crawl Stone Soup version 0.30.0-5-g1a98f26d00 (webtiles) character file.

Game seed: 1706151431595045084

50 Orangeyouglad the Poker (level 4, -4/51 HPs)
             Began as a Human Wanderer on May 9, 2023.
             Slain by Terence
             ... wielding a +0 flail
              (10 damage)
             ... on level 2 of the Dungeon.
             The game lasted 00:02:43 (907 turns).

Orangeyouglad the Poker (Human Wanderer)             Turns: 907, Time: 00:02:44

Health: -4/51      AC:  3    Str: 11    XL:     4   Next: 4%
Magic:  6/6        EV: 11    Int: 11    God:
Gold:   73         SH:  0    Dex: 17    Spells: 2/6 levels left

rFire   x . .        a - +3 spear
rCold   + . .        (no shield)
rNeg    . . .        i - +0 leather armour
rPois   .            (no helmet)
rElec   .            (no cloak)
rCorr   .            (no gloves)
SInv    .            (no boots)
Will    .....        (no amulet) Stlth
                     j - ring of ice
HPRegen 0.28/turn    (no ring)
MPRegen 0.10/turn

%: no passive effects
@: berserking, very quick
A: no striking features
a: no special abilities


You were on level 2 of the Dungeon.
You visited 1 branch of the dungeon, and saw 2 of its levels.

You collected 73 gold pieces.

Inventory:

Hand Weapons
 a - a +3 spear (weapon)
Armour
 c - a +0 robe
 d - +0 fire dragon scales
 i - a +0 leather armour (worn)
Jewellery
 j - a ring of ice (left hand)
Scrolls
 e - 4 scrolls of identify {unknown}
 f - a scroll of teleportation {unknown}
 g - a scroll of fog {unknown}
 h - a scroll of fear {unknown}
Potions
 k - a potion of might {unknown}
 l - a potion of brilliance {unknown}
 m - a potion of lignification {unknown}
 n - a potion of degeneration {unknown}


   Skills:
 + Level 2.5 Fighting
 - Level 4.0 Polearms
 + Level 1.7 Armour
 + Level 1.0 Dodging
 + Level 1.5 Spellcasting
 + Level 2.4 Ice Magic


You had 2 spell levels left.
You knew the following spells:

 Your Spells              Type           Power      Damage    Failure   Level
a - Freeze                Ice            36%        1d5       14%         1
b - Ozocubu's Armour      Ice            9%         N/A       41%         3

Your spell library contained the following spells:

 Spells                   Type           Power      Damage    Failure   Level


Dungeon Overview and Level Annotations

Branches:
Dungeon (2/15)

Altars:

Annotations:
D:2 Terence


Message History

Aiming: Freeze (safe; 14% risk of failure)
Press: ? - help, Q - select action Shift-Dir - straight line, f - hobgoblin
Aim: a hobgoblin You feel a surge of power!
You miscast Freeze.
You are very lightly contaminated with residual magic.
Nothing appears to happen.
The hobgoblin closely misses you.
You see here 5 stones.
The hobgoblin attacks as you move away! The hobgoblin misses you.
Your magical contamination has completely faded away.
Terence looks scornfully at you.
A rat comes into view.
The hobgoblin attacks as you move away! The hobgoblin closely misses you.
The hobgoblin attacks as you move away! The hobgoblin hits you.
You barely miss the rat. You punch the rat, but do no damage.
The hobgoblin hits you. The rat closely misses you.
You hit the rat.
The rat is severely wounded.
The hobgoblin completely misses you. The rat bites you.
You hit the rat.
You kill the rat!
The hobgoblin barely misses you. Terence hits you with a +0 flail!
The hobgoblin attacks as you move away! The hobgoblin hits you.
The hobgoblin attacks as you move away! The hobgoblin hits you.
Terence attacks as you move away! Terence hits you with a +0 flail!
* * * LOW HITPOINT WARNING * * *
A red film seems to cover your vision as you go berserk!
You feel yourself moving faster!
You feel mighty!
Terence says, "Time to say good-bye..."
Terence barely misses you.
You puncture Terence!
Terence is moderately wounded.
Terence hits you with a +0 flail!
* * * LOW HITPOINT WARNING * * *
You hit Terence.
Terence is heavily wounded.
You hit Terence.
Terence is almost dead.
Terence hits you with a +0 flail!
You die...

#........##.
#........##. .. +#
#........##. ... .#
#.##+#+#.##. ..###+#.#
####.##.#+#.##. #......
#.....#.....##. #......
+.....#........
#.....####......†.......
+.....'@@g.........#....
#.....########...###....
+....<.............#....
#......######..#.#.#.##.
#......# #..#.#.#.##.
######.# #..#...#.# # .#
#..#####.# .# #... ##
#.##


You could see Terence and a hobgoblin.

Vanquished Creatures
  A gnoll (D:1)
  An adder (D:2)
  3 dart slugs (D:1)
  2 endoplasms (D:1)
  3 goblins (D:1)
  A hobgoblin (D:1)
  3 kobolds (D:1)
  A quokka (D:1)
  2 ball pythons
  4 bats
  6 rats
27 creatures vanquished.

Notes
Turn   | Place    | Note
-------+----------+-------------------------------------------
     0 | D:1      | Orangeyouglad the Human Wanderer began the quest for the
                  | Orb.
     0 | D:1      | Orangeyouglad set off with the following items: a +3 spear,
                  | a potion of berserk rage, a +0 robe; and the following
                  | spell memorised: Freeze; and the following spells available
                  | to memorise: Ozocubu's Armour.
     0 | D:1      | Reached XP level 1. HP: 16/16 MP: 2/2
   118 | D:1      | Reached XP level 2. HP: 22/22 MP: 3/3
   201 | D:1      | Reached XP level 3. HP: 10/27 MP: 3/5
   378 | D:1      | Learned a level 3 spell: Ozocubu's Armour
   425 | D:1      | Found a faded altar of an unknown god.
   680 | D:2      | Noticed Terence
   748 | D:2      | Reached skill level 1 in Dodging
   835 | D:2      | Reached XP level 4. HP: 28/34 MP: 6/6
   907 | D:2      | Slain by Terence

Illustrated notes

Levels and vault maps discovered:
D:1:      eino_arrival_druids_welcome, layout_rooms,
          dreamdust_ecumenical_altar_grove
D:2:      layout_basic, basic_altar, uniq_terence, uniq_sigmund

Skill      XL: |  1  2  3 |
---------------+----------+-----
Dodging        | 1 |  1.0
Fighting       | |  2.5
Polearms       | |  4.0
Armour         | |  1.7
Spellcasting   | |  1.5
Ice Magic      | |  2.4

Action                     |  1- 3 |  4- 6 || total
---------------------------+-------+-------++-------
  Melee: Spear             |    66 |     8 ||    74
         Punch             |       |     1 ||     1
   Cast: Freeze            |     4 |       ||     4
    Use: Potion            |       |     1 ||     1
   Stab: Sleeping          |     1 |       ||     1
 Armour: Robe              |     6 |       ||     6
         Leather armour    |     5 |     1 ||     6
  Dodge: Dodged            |    25 |     9 ||    34
